 Dungeon Crawl Stone Soup version 0.29-a0-284-gf9362112df (webtiles) character file.

Game seed: 9210660868607469499

521 rabbitsville the Chopper (level 7, -2/60 HPs)
             Began as a Minotaur Wanderer on Mar 31, 2022.
             Was a Priest of Elyvilon.
             Slain by a steam dragon (8 damage)
             ... on level 3 of the Dungeon.
             The game lasted 00:16:22 (4212 turns).

rabbitsville the Chopper (Minotaur Wanderer)        Turns: 4212, Time: 00:16:23

Health: -2/60      AC:  5    Str: 16    XL:     7   Next: 1%
Magic:  7/10       EV: 11    Int: 16    God:    Elyvilon [***...]
Gold:   237        SH:  0    Dex: 11    Spells: 11/12 levels left

rFire   . . .      SeeInvis .   b - +1 hand axe (freeze)
rCold   . . .      Faith    .   (no shield)
rNeg    . . .      Spirit   .   d - +0 leather armour
rPois   .          Reflect  .   (helmet currently unavailable)
rElec   .          Harm     .   r - +0 cloak
rCorr   .          Rampage  .   l - +0 pair of gloves
Will    .....                   (boots currently unavailable)
Stlth   +.........              (no amulet)
HPRegen 0.20/turn               o - +6 ring of intelligence
MPRegen 0.12/turn               (no ring)

@: appendages
A: talons 2, horns 2, retaliatory headbutt
a: End Transformation, Renounce Religion, Purification, Heal Other, Heal Self


You were on level 3 of the Dungeon.
You worshipped Elyvilon.
Elyvilon was most pleased with you.
You had temporarily grown beastly talons.
You visited 1 branch of the dungeon, and saw 4 of its levels.

You collected 270 gold pieces.
You spent 33 gold pieces at shops.

Inventory:

Hand Weapons
 a - a +2 hand axe
 b - a +1 hand axe of freezing (weapon)
Armour
 d - a +0 leather armour (worn)
 l - a +0 pair of gloves (worn)
 r - a +0 cloak (worn)
Jewellery
 o - a +6 ring of intelligence (left hand)
 s - an amulet of reflection
Wands
 p - a wand of digging (2)
Scrolls
 h - 2 scrolls of identify {unknown}
 i - 2 scrolls of vulnerability {unknown}
 m - a scroll of immolation {unknown}
 q - a scroll of magic mapping {unknown}
 t - a scroll of teleportation {unknown}
Potions
 c - 2 potions of might
 e - a potion of haste {unknown}
 f - 2 potions of attraction {unknown}
 g - 5 potions of curing
 k - a potion of lignification {unknown}
 n - a potion of magic {unknown}


   Skills:
 + Level 4.9 Fighting
 - Level 6.0 Axes
 - Level 1.2 Armour
 - Level 1.1 Dodging
 + Level 3.0 Spellcasting
 + Level 3.8 Transmutations


You had 11 spell levels left.
You knew the following spells:

 Your Spells              Type           Power      Damage    Failure   Level
a - Beastly Appendage     Tmut           28%        N/A       4%          1

Your spell library contained the following spells:

 Spells                   Type           Power      Damage    Failure   Level
 Slow                     Hex            8%         N/A       22%         1
 Spider Form              Tmut/Pois      8%         N/A       30%         3
 Confusing Touch          Hex            2%         N/A       56%         3
 Vampiric Draining        Necr           2%         2d6       56%         3


Dungeon Overview and Level Annotations

Branches:
Dungeon (4/15)
 Temple: D:4-7

Altars:
Elyvilon
Zin

Shops:
D:3 !   D:4 *!


Innate Abilities, Weirdness & Mutations

You have temporarily grown beastly talons.
You have a pair of horns on your head.
You reflexively headbutt those who attack you in melee.


Message History

The ball of steam hits you!!
* * * LOW HITPOINT WARNING * * *
The steam dragon bites you!
* * * LOW HITPOINT WARNING * * *
The steam dragon claws you.
* * * LOW HITPOINT WARNING * * *
You feel much better. The steam dragon bites you!
* * * LOW HITPOINT WARNING * * *
The steam dragon barely misses you.
The steam dragon attacks as you move away!
The steam dragon bites you!
* * * LOW HITPOINT WARNING * * *
The steam dragon barely misses you.
There is an escape hatch in the ceiling here.
The steam dragon bites you! Elyvilon protects you from harm!
The steam dragon claws you.
* * * LOW HITPOINT WARNING * * *
A mysterious force pulls you upwards. The hatch slams shut behind you.
You are healed.
The steam dragon bites you but does no damage.
The steam dragon closely misses you.
Casting: Beastly Appendage (safe; 4% risk of failure)
Press: ? - help, Q - select action, (/) - cycle Dir - look around, f - activate You extend your transformation's duration.
The steam dragon breathes steam at you. The ball of steam hits you!
* * * LOW HITPOINT WARNING * * *
You hit the steam dragon but do no damage.
You claw the steam dragon, but do no damage.
The steam dragon is severely wounded.
You are engulfed in a cloud of scalding steam.
* * * LOW HITPOINT WARNING * * *
The steam dragon closely misses you. The steam dragon claws you.
* * * LOW HITPOINT WARNING * * *
You fail to use your ability.
The steam dragon bites you but does no damage.
The steam dragon barely misses you.
You fail to use your ability.
The steam dragon bites you!
You die...

.# #............#..##.## ###
#####......##...###.....#
...............## ###.#.# #####
.####).........# #...#####...( .#
#......#.### ##.....##.... .#
#........# #######.....#..... .#
#.......## #....##.>...#..... ##
#.......# #§.>.##.....#..### ###
#.......# #@...##........# ..#
######.## #D...#.†.)....##
#.######...#####............## ##
#..>.#..............##......####.
###......#######....#####.####...
.......### #....# #........##
######## #....###..#######
#....##...# #######.###


You could see a steam dragon.

Vanquished Creatures
  A black bear (D:4)
  A bullfrog (D:4)
  A scorpion (D:4)
  A hound (D:4)
  A jelly (D:4)
  An iguana (D:4)
  Natasha (thrice) (D:2)
  3 gnolls (D:2)
  4 adders
  2 worms (D:2)
  3 dart slugs (D:2)
  An orc (D:3)
  4 endoplasms
  2 giant cockroaches (D:4)
  7 goblins
  8 hobgoblins
  4 jackals (D:2)
  5 kobolds
  A quokka (D:2)
  6 ball pythons
  8 bats
  7 frilled lizards
  7 rats
  A bush (D:1)
82 creatures vanquished.

Notes
Turn   | Place    | Note
-------+----------+-------------------------------------------
     0 | D:1      | rabbitsville the Minotaur Wanderer began the quest for the
                  | Orb.
     0 | D:1      | rabbitsville set off with the following items: a +2 hand
                  | axe, a +0 cloak, a potion of might, a +0 leather armour;
                  | and the following spell memorised: Beastly Appendage; and
                  | the following spells available to memorise: Spider Form
     0 | D:1      | Reached XP level 1. HP: 14/14 MP: 1/1
   261 | D:1      | Reached skill level 1 in Fighting
   263 | D:1      | Reached XP level 2. HP: 23/23 MP: 2/2
   681 | D:1      | Found a faded altar of an unknown god.
   683 | D:1      | Prayed at the altar of an unknown god.
   683 | D:1      | Became a worshipper of Elyvilon the Healer
   683 | D:1      | Reached * piety under Elyvilon
  1207 | D:2      | Reached XP level 3. HP: 24/29 MP: 4/4
  1287 | D:2      | Reached ** piety under Elyvilon
  1524 | D:2      | Noticed Natasha
  1532 | D:2      | Killed Natasha
  1533 | D:2      | Reached XP level 4. HP: 17/37 MP: 5/5
  2016 | D:2      | Found a glowing silver altar of Zin.
  2030 | D:2      | Noticed Natasha
  2037 | D:2      | Killed Natasha
  2038 | D:2      | Reached XP level 5. HP: 37/45 MP: 7/7
  2426 | D:2      | Noticed Natasha
  2435 | D:2      | Killed Natasha
  2575 | D:2      | Reached *** piety under Elyvilon
  3273 | D:4      | Noticed a black bear
  3286 | D:4      | Killed a black bear
  3287 | D:4      | Reached XP level 6. HP: 46/52 MP: 6/8
  3882 | D:4      | Found Noyxib's General Store.
  3885 | D:4      | Bought a potion of curing for 33 gold pieces
  3957 | D:4      | Reached XP level 7. HP: 15/60 MP: 10/10
  4183 | D:4      | Found Exkoacui's Distillery.
  4187 | D:4      | Noticed a steam dragon
  4203 | D:4      | HP: 3/60 [steam dragon (8)]
  4206 | D:4      | Elyvilon protects you from harm!
  4212 | D:3      | Slain by a steam dragon

Illustrated notes

Levels and vault maps discovered:
D:1:      saegor_arrival_simple_b, layout_loops_ring,
          chequers_ecumenical_altar_twisty, serial_forest,
          infiniplex_forest_clump_tiny, infiniplex_forest_straight_4,
          infiniplex_forest_lined_2, infiniplex_forest_straight_4,
          infiniplex_forest_end_2, infiniplex_forest_pool,
          infiniplex_forest_lined_3_way, hangedman_feature_mirror
D:2:      layout_loops_corners, basic_altar, minmay_nonomino_d4, uniq_natasha
D:3:      layout_rooms
D:4:      minmay_door_path, layout_loops_ring, serial_shops,
          kennysheep_mini_moat, nicolae_shop_statue_plus, shop,
          nicolae_shop_trees, uniq_eustachio

Skill      XL: |  1  2  3  4  5  6 |
---------------+-------------------+-----
Fighting       | 1 2 3 4 |  4.9
Transmutations | 2 3 |  3.8
Spellcasting   | 2 3 |  3.0
Axes           | |  6.0
Armour         | |  1.2
Dodging        | |  1.1

Action                   |  1- 3 |  4- 6 |  7- 9 || total
-------------------------+-------+-------+-------++-------
Melee: Hand axe          |   166 |   122 |    10 ||   298
       Headbutt          |    35 |    19 |     2 ||    56
       Punch             |     1 |     3 |     1 ||     5
       Kick              |       |     1 |     3 ||     4
 Cast: Beastly Appendage |       |     1 |     2 ||     3
Invok: Heal Self         |       |       |     1 ||     1
  Use: Potion            |       |       |     3 ||     3
Armor: Leather armour    |    23 |    32 |     8 ||    63
Dodge: Dodged            |    41 |    73 |    15 ||   129

Table legend: (Time is in decaauts)
 A = Elapsed time spent in this place.
 B = Non-inter-level travel time spent in this place.
 C = Inter-level travel time spent in this place.
 D = Time resting spent in this place.
 E = Time spent auto-exploring this place.
 F = Levels seen in this place.
 G = Mean time per level.
                   A        B        C        D        E       F      G
               +--------+--------+--------+--------+--------+-----+--------+
         Total |   4221 |   4064 |    157 |    406 |   1734 |   4 | 1055.2 |
       Dungeon |   4221 |   4064 |    157 |    406 |   1734 |   4 | 1055.2 |
               +--------+--------+--------+--------+--------+-----+--------+

Top non-repeatable levels by time:
     D:2: 1592 daAuts
     D:1: 1174 daAuts
     D:4: 977 daAuts
     D:3: 477 daAuts
